 Dungeon Crawl Stone Soup version 0.24-a0-347-g1a3e1d35ff (webtiles) character file.

Game seed: 2005982045545235045

3014 Napalmbreeze the Thaumaturge (level 9, -6/78 HPs)
             Began as a Deep Elf Fire Elementalist on May 23, 2019.
             Mangled by an orc knight
             ... wielding a +0 glaive
              (11 damage)
             ... in a bailey.
             The game lasted 00:29:28 (7008 turns).

Napalmbreeze the Thaumaturge (DEFE)                 Turns: 7008, Time: 00:29:29

Health: -6/78      AC: 24    Str: 10    XL:     9   Next: 55%
Magic:  18/25      EV:  2    Int: 24    God:
Gold:   364        SH:  0    Dex: 15    Spells: 13/28 levels left

rFire    . . .     SeeInvis .   d - +0 dagger (venom)
rCold    . . .     Gourm    .   (no shield)
rNeg     + + +     Faith    .   (armour currently unavailable)
rPois    +         Spirit   .   (helmet currently unavailable)
rElec    .         Reflect  .   (cloak currently unavailable)
rCorr    .         Harm     .   (gloves currently unavailable)
MR       .....     NoTele   +   (boots currently unavailable)
Stlth    ++........             (no amulet)
HPRegen  0.23/turn              (no ring)
MPRegen  0.19/turn              (no ring)

@: mighty, tree-form
A: no striking features
a: no special abilities


You were in a bailey.
You were hungry.
You were a tree.
You visited 2 branches of the dungeon, and saw 8 of its levels.
You also visited: Ossuary and Bailey.

You collected 364 gold pieces.

Inventory:

Hand Weapons
 d - a +0 dagger of venom (weapon)
Missiles
 h - 4 silver boomerangs (quivered)
Armour
 b - a +0 pair of gloves (melded)
 l - a +1 robe of magic resistance (melded)
 r - a +0 pair of boots (melded)
 t - a +0 helmet (melded)
 u - a +0 cloak (melded)
Jewellery
 y - an uncursed amulet of harm
Wands
 p - a wand of flame (12)
Scrolls
 a - a scroll of amnesia {unknown}
 e - a scroll of teleportation
 f - 2 scrolls of noise
 k - 5 scrolls of remove curse
 m - 4 scrolls of magic mapping
 n - 3 scrolls of identify
 q - a scroll of immolation {unknown}
Potions
 g - 3 potions of might
 i - 2 potions of magic {unknown}
 j - 3 potions of lignification
 o - 4 potions of heal wounds {unknown}
 s - a potion of mutation {unknown}
 v - a potion of invisibility {unknown}
 w - 2 potions of flight {unknown}
 x - 2 potions of curing {unknown}
Comestibles
 c - 6 rations
 z - 3 chunks of flesh


   Skills:
 - Level 4.0 Fighting
 - Level 7.0 Dodging
 - Level 2.4 Stealth
 + Level 10.4 Spellcasting
 + Level 7.5 Conjurations
 + Level 5.5 Fire Magic


You had 13 spell levels left.
You knew the following spells:

 Your Spells              Type           Power        Failure   Level  Hunger
a - Flame Tongue          Conj/Fire      #####        1%          1    None
d - Conjure Flame         Conj/Fire      #####...     1%          3    None
e - Fireball              Conj/Fire      #####.....   10%         5    ####...
f - Sticky Flame          Conj/Fire      #####...     3%          4    None
s - Throw Flame           Conj/Fire      #####.       1%          2    None

Your spell library contained the following spells:

 Spells                   Type           Power        Failure   Level  Hunger
 Confusing Touch          Hex            ##....       4%          1    None
 Inner Flame              Hex/Fire       ####....     4%          3    None
 Ignite Poison            Fire/Tmut/Pois ###.....     7%          3    None
 Sublimation of Blood     Necr           ##........   8%          2    None
 Confuse                  Hex            ##......     16%         3    None
 Gell's Gravitas          Tloc           ##........   16%         3    None
 Irradiate                Conj/Tmut      ####......   30%         5    ####...
 Petrify                  Tmut/Erth      ##......     45%         4    None
 Alistair's Intoxication  Tmut/Pois      ##......     80%         5    ####...
 Metabolic Englaciation   Hex/Ice        ##........   80%         5    ####...
 Yara's Violent Unravell  Hex/Tmut       ##........   80%         5    ####...


Dungeon Overview and Level Annotations

Branches:
Dungeon (7/15)             Temple (1/1) D:6

Altars:
Cheibriados
Gozag
Hepliaklqana
Kikubaaqudgha
Makhleb
Okawaru
Qazlal
Ru
Trog
Uskayaw
Wu Jian
Xom
Yredelemnul
Zin
The Shining One
Beogh


Message History

a +0 halberd; a +0 chain mail You are feeling hungry.
Items here: )) [[ a +0 spear; a +0 chain mail; a +0 spear; a cursed +0 chain mail The orc knight hits you from afar with a +0 glaive!!
Ouch! That really hurt!
Okay, then.
It was a potion of might.
You feel very mighty all of a sudden.
The orc knight hits you from afar with a +0 glaive!
* * * LOW HITPOINT WARNING * * *
It was a potion of lignification.
You turn into a tree.
Your +0 cloak melds into your body.
Your +0 helmet melds into your body.
Your +0 pair of gloves melds into your body.
Your +0 pair of boots melds into your body.
Your +1 robe of magic resistance melds into your body.
You feel less resistant to hostile enchantments.
Your roots penetrate the ground.
The orc knight hits you from afar with a +0 glaive!
You die...

########### ### ##........♣##
####∩#
##..≈≈≈≈≈≈≈..#######..∩##
##..≈≈....o≈≈...##...####
#####..≈≈..###..≈..##.########
......≈≈..## ##...##.........#
≈≈≈≈≈≈≈.o## #######≈≈≈≈≈≈≈.#
.)..)...## #####..≈.#
######### #####.≈.# #.....'
$$.##)≈.#


You could see an orc knight.

Vanquished Creatures
  Pikel (D:5)
  Sigmund (D:6)
  The ghost of Toogi the Ducker, an amateur MiCj of Okawaru (D:3)
  Menkaure (D:4)
  Duvessa (D:4)
  3 orc warriors
  2 ogres
  A phantom (D:5)
  A centaur (D:5)
  An elf zombie (Ossuary)
  2 bullfrogs
  Dowan (D:4)
  A scorpion (D:6)
  A howler monkey (D:5)
  A centaur zombie (D:2)
  2 crimson imps
  A bullfrog zombie (D:6)
  A quasit (D:6)
  A human zombie (Ossuary)
  A hound (D:6)
  4 orc priests
  Jessica (D:2)
  Natasha (thrice) (D:2)
  A bullfrog skeleton (D:4)
  6 orc wizards
  5 worker ants
  A big kobold zombie (Ossuary)
  A hound zombie (Ossuary)
  A hound skeleton (D:5)
  4 mummies (Ossuary)
  9 adders
  An ooze (D:4)
  An adder zombie (Ossuary)
  5 worms
  6 leopard geckos
  45 orcs
  5 bats
  2 giant cockroaches
  5 goblins
  4 hobgoblins
  2 jackals (D:4)
  A quokka (D:3)
  2 frilled lizards
  2 goblin zombies (Ossuary)
  A jackal zombie (D:7)
  6 kobolds
  4 kobold zombies (Ossuary)
  A leopard gecko zombie (D:6)
  An orc zombie (Ossuary)
  A quokka skeleton (D:6)
  6 rats
162 creatures vanquished.

Vanquished Creatures (others)
  A slave (D:5)
  A worker ant (D:5)
  A worker ant zombie (D:5)
  A shadow imp (D:5)
4 creatures vanquished.

Grand Total: 166 creatures vanquished

Notes
Turn   | Place    | Note
-------+----------+-------------------------------------------
     0 | D:1      | Napalmbreeze the Deep Elf Fire Elementalist began the quest
                  | for the Orb.
     0 | D:1      | Reached XP level 1. HP: 10/10 MP: 6/6
     3 | D:1      | Noticed an electric eel
     4 | D:1      | Noticed an electric eel
   647 | D:2      | Noticed Natasha
   730 | D:2      | Reached XP level 2. HP: 15/15 MP: 2/8
   769 | D:2      | Killed Natasha
   769 | D:2      | Reached XP level 3. HP: 10/19 MP: 5/10
   773 | D:2      | Learned a level 2 spell: Throw Flame
   777 | D:2      | Learned a level 3 spell: Conjure Flame
  1023 | D:2      | Reached XP level 4. HP: 17/24 MP: 3/11
  1116 | D:2      | Learned a level 4 spell: Sticky Flame
  1190 | D:2      | Reached skill level 4 in Spellcasting
  1264 | D:2      | Noticed Natasha
  1275 | D:2      | Killed Natasha
  1467 | D:2      | Noticed Natasha
  1468 | D:2      | Noticed Jessica
  1480 | D:2      | Killed Jessica
  1480 | D:2      | Reached XP level 5. HP: 28/28 MP: 2/13
  1582 | D:2      | Killed Natasha
  2404 | D:3      | Found a runed translucent gate.
  2404 | D:3      | Found a runed translucent gate.
  2404 | D:3      | Noticed Toogi's ghost (amateur MiCj)
  2405 | D:3      | Found a runed translucent gate.
  2406 | D:3      | Found a roughly hewn altar of Beogh.
  2473 | D:3      | Reached skill level 5 in Spellcasting
  2517 | D:3      | Reached XP level 6. HP: 28/32 MP: 10/15
  2895 | D:3      | Reached skill level 5 in Fire Magic
  3087 | D:3      | Killed Toogi's ghost
  3087 | D:3      | Reached skill level 6 in Spellcasting
  3206 | D:3      | Learned a level 5 spell: Fireball
  3407 | D:4      | Reached skill level 7 in Spellcasting
  3407 | D:4      | Reached XP level 7. HP: 37/37 MP: 13/19
  3412 | D:4      | Reached skill level 1 in Fighting
  3703 | D:4      | Noticed Menkaure
  3708 | D:4      | Killed Menkaure
  4286 | D:4      | Noticed Duvessa
  4287 | D:4      | Noticed Dowan
  4298 | D:4      | Killed Duvessa
  4298 | D:4      | Reached skill level 8 in Spellcasting
  4298 | D:4      | Reached XP level 8. HP: 31/45 MP: 16/22
  4301 | D:4      | Killed Dowan
  4448 | D:5      | Entered Level 5 of the Dungeon
  4457 | D:5      | Noticed Pikel
  4469 | D:5      | Killed Pikel
  4469 | D:5      | Reached skill level 9 in Spellcasting
  5356 | D:6      | Reached skill level 5 in Conjurations
  5356 | D:6      | Reached XP level 9. HP: 45/52 MP: 17/24
  5574 | D:6      | Noticed Sigmund
  5576 | D:6      | Killed Sigmund
  5576 | D:6      | Reached skill level 10 in Spellcasting
  5604 | D:6      | Found a sand-covered staircase.
  5643 | Ossuary  | Entered an ossuary
  6054 | D:6      | Found a staircase to the Ecumenical Temple.
  6079 | Temple   | Entered the Ecumenical Temple
  6610 | D:7      | Found a flagged portal.
  6630 | Bailey   | Entered a bailey
  6858 | Bailey   | Noticed an orc knight
  7008 | Bailey   | Mangled by an orc knight

Levels and vault maps discovered:
D:1:      arrival_aquarium_b, layout_basic
D:2:      layout_rooms, first_ration, uniq_natasha, uniq_jessica
D:3:      layout_basic, biasface_ghost_orc_armoury, dk_noncrumbling_4
D:4:      layout_loops_cross, minmay_door_square, uniq_menkaure, uniq_duvessa
D:5:      layout_loops_ring, moated_statue, uniq_pikel
D:6:      layout_rooms, temple_statues, enter_ossuary_1, uniq_sigmund
D:7:      layout_cave_pools, minmay_overflow_temple_star_hex, enter_bailey_6
Temple:   regret_index_temple_waves
Bailey:   bailey_polearm_1, bailey

Skill      XL: |  1  2  3  4  5  6  7  8  9 |
---------------+----------------------------+-----
Conjurations   | 2 3 4 5 7 |  7.5
Fire Magic     | 4 5 |  5.5
Spellcasting   | 4 5 7 8 9 10 | 10.4
Fighting       | 2 4 |  4.0
Dodging        | 4 6 7 |  7.0
Stealth        | |  2.4

Action                   |  1- 3 |  4- 6 |  7- 9 || total
-------------------------+-------+-------+-------++-------
Melee: Dagger            |     5 |     4 |    97 ||   106
Throw: Boomerang         |       |     2 |       ||     2
 Cast: Flame Tongue      |    20 |    95 |   120 ||   235
       Throw Flame       |     2 |    18 |    38 ||    58
       Conjure Flame     |     1 |     6 |     8 ||    15
       Sticky Flame      |       |     5 |    13 ||    18
       Fireball          |       |       |    15 ||    15
  Use: Scroll            |       |       |     5 ||     5
       Potion            |       |       |     2 ||     2
 Stab: Sleeping          |       |     1 |       ||     1
  Eat: Chunk             |       |     9 |     7 ||    16
       Ration            |       |       |     2 ||     2
Armor: Robe              |       |     4 |    27 ||    31
Dodge: Dodged            |     7 |     8 |    98 ||   113

Table legend:
 A = Non-vault XP
 B = Vault XP
 C = Vault XP percentage of total XP
 D = Non-vault monster count
 E = Vault monster count
 F = Vault count percentage of total count
                 A         B        C        D         E       F
            +---------+---------+-------+---------+---------+-------
      Total |    2157 |    2149 |  49.9 |     118 |      44 |  27.2
            +---------+---------+-------+---------+---------+-------
        D:1 |       8 |       0 |   0.0 |       6 |       0 |   0.0
        D:2 |     164 |      73 |  30.8 |      14 |       2 |  12.5
        D:3 |     204 |     202 |  49.8 |      37 |       6 |  14.0
        D:4 |     513 |     396 |  43.6 |      24 |       3 |  11.1
        D:5 |     507 |     697 |  57.9 |      10 |       1 |   9.1
        D:6 |     553 |     212 |  27.7 |      20 |       1 |   4.8
        D:7 |     208 |       0 |   0.0 |       7 |       0 |   0.0
    Ossuary |       0 |     270 | 100.0 |       0 |      16 | 100.0
     Bailey |       0 |     299 | 100.0 |       0 |      15 | 100.0
            +---------+---------+-------+---------+---------+-------
